 Dungeon Crawl Stone Soup version 0.26-a0-67-g850bfe61e3 (webtiles) character file.

Game seed: 12256410105809411086

150 LiquidNight the Grave Robber (level 5, 0/42 HPs)
             Began as a Deep Elf Necromancer on June 12, 2020.
             Killed by divine providence
             ... invoked by an orc priest
              (14 damage)
             ... on level 3 of the Dungeon.
             The game lasted 00:34:43 (3881 turns).

LiquidNight the Grave Robber (Deep Elf Necromancer) Turns: 3881, Time: 00:34:43

Health: 0/42       AC: 22    Str:  5    XL:     5   Next: 10%
Magic:  10/14      EV:  2    Int: 21    God:
Gold:   95         SH:  0    Dex: 17    Spells: 4/13 levels left

rFire    . . .     SeeInvis .   d - +0 short sword
rCold    . . .     Gourm    .   (no shield)
rNeg     + + +     Faith    .   (armour currently unavailable)
rPois    +         Spirit   .   (helmet currently unavailable)
rElec    .         Reflect  .   (cloak currently unavailable)
rCorr    .         Harm     .   (gloves currently unavailable)
MR       .....     NoTele   +   (boots currently unavailable)
Stlth    ++........             (no amulet)
HPRegen  0.14/turn              (no ring)
MPRegen  0.14/turn              (no ring)

@: tree-form
A: agile 1, sense surroundings 1
a: no special abilities


You were on level 3 of the Dungeon.
You were not hungry.
You were a tree.
You visited 1 branch of the dungeon, and saw 3 of its levels.

You collected 95 gold pieces.

Inventory:

Hand Weapons
 d - a +0 short sword (weapon)
 u - a +0 hunting sling
Missiles
 m - 7 boomerangs (quivered)
 s - 3 javelins
 t - 43 stones
 v - 5 poisoned darts
Armour
 a - a +0 robe (melded)
 n - a +0 helmet (melded)
Scrolls
 b - a scroll of enchant armour {unknown}
 e - a scroll of fog {unknown}
 f - a scroll of remove curse {unknown}
 g - a scroll of amnesia {unknown}
 j - a scroll of magic mapping {unknown}
 o - a scroll of immolation {unknown}
Potions
 i - 2 potions of heal wounds
 k - a potion of resistance {unknown}
 l - 2 potions of brilliance {unknown}
 q - 2 potions of stabbing {unknown}
 r - a potion of haste {unknown}
Comestibles
 c - 6 rations


   Skills:
 + Level 2.5 Dodging
 + Level 2.8 Stealth
 + Level 4.8 Spellcasting
 * Level 6.6 Necromancy


You had 4 spell levels left.
You knew the following spells:

 Your Spells              Type           Power        Failure   Level  Hunger
a - Pain                  Necr           ####         1%          1    None
b - Animate Skeleton      Necr           N/A          1%          1    None
c - Vampiric Draining     Necr           ####......   2%          3    ##.....
d - Animate Dead          Necr           N/A          7%          4    ####...

Your spell library contained the following spells:

 Spells                   Type           Power        Failure   Level  Hunger
 Agony                    Necr           ####....     21%         5    #####..


Dungeon Overview and Level Annotations

Branches:
Dungeon (3/15)

Altars:
Gozag
Yredelemnul
Zin


Innate Abilities, Weirdness & Mutations

((You are partially covered in molten scales. (AC +2)))
You are agile. (Dex +2)
You passively map a small area around you.


Message History

Beogh smites you!
The orc wizard hits your hobgoblin skeleton with a +0 dagger.
Your hobgoblin skeleton is destroyed!
The orc priest hits you with a +0 hand axe.
Really quaff the potion of lignification?
You turn into a tree.
Your +0 helmet melds into your body.
Your +0 robe melds into your body.
Your roots penetrate the ground.
You hit the orc priest but do no damage.
The orc priest is moderately wounded.
The orc priest hits you but does no damage.
You hit the orc priest.
The orc priest is heavily wounded.
The orc priest hits you but does no damage.
You hit the orc priest.
The orc priest is severely wounded.
An orc comes into view. It is wielding a +0 club.
You closely miss the orc. The orc hits you but does no damage.
The orc priest mumbles some strange prayers to Beogh against you.
Beogh smites you!
You die...

>.####.....#..+.......###.#####.#
### ##....# #....>..#......##.#
..# #....#. +.......#.#.....#.#
### #.####. #)......#.#######.#
..# * .. .. #.......#.........#
..# #* #. #......)########### ..#
#. ##..........##..... ..# * #.*
#.########.##).... ..#
#####.###♣########.##..... ..# *
#....oooo........#.####### ..#
#.###.###.######.#.# .## ... #.#
*,#.# #g>. #.# * #.# , o...$ #.#
*,#.# #####.* #.# #.# ,..* #.#
#.# * * *## #.# #Z#


You could see an orc priest, an orc wizard and 2 orcs.

Vanquished Creatures
  Robin (D:2)
  6 adders
  A worm (D:2)
  3 dart slugs
  A leopard gecko (D:1)
  An orc (D:3)
  A ball python (D:1)
  A giant cockroach (D:2)
  11 goblins
  12 hobgoblins
  8 jackals
  2 quokkas (D:2)
  9 bats
  4 frilled lizards
  7 kobolds
  8 rats
76 creatures vanquished.

Vanquished Creatures (collateral kills)
  A kobold (D:3)
1 creature vanquished.

Grand Total: 77 creatures vanquished

Notes
Turn   | Place    | Note
-------+----------+-------------------------------------------
     0 | D:1      | LiquidNight the Deep Elf Necromancer began the quest for
                  | the Orb.
     0 | D:1      | Reached XP level 1. HP: 10/10 MP: 6/6
    39 | D:1      | Reached skill level 5 in Necromancy
   405 | D:1      | Reached XP level 2. HP: 15/15 MP: 6/8
   574 | D:1      | Gained mutation: You are agile. (Dex +2) [potion of
                  | mutation]
   574 | D:1      | Gained mutation: You passively map a small area around you.
                  | [potion of mutation]
   574 | D:1      | Gained mutation: You are partially covered in molten
                  | scales. (AC +2) [potion of mutation]
  1051 | D:1      | Reached XP level 3. HP: 12/19 MP: 3/9
  1249 | D:1      | Learned a level 1 spell: Animate Skeleton
  1849 | D:2      | Noticed Robin
  1920 | D:2      | Killed Robin
  2118 | D:2      | Reached skill level 6 in Necromancy
  2118 | D:2      | Reached XP level 4. HP: 7/24 MP: 6/12
  2952 | D:3      | Found a glowing silver altar of Zin.
  3376 | D:3      | Learned a level 3 spell: Vampiric Draining
  3381 | D:3      | Learned a level 4 spell: Animate Dead
  3396 | D:3      | Reached XP level 5. HP: 24/28 MP: 10/14
  3461 | D:3      | Found an opulent altar of Gozag.
  3539 | D:3      | Found a basalt altar of Yredelemnul.
  3881 | D:3      | Killed from afar by an orc priest

Illustrated notes

Levels and vault maps discovered:
D:1:      nzn_arrival_water_spiral, layout_loops_ring
D:2:      layout_basic, grunt_ministairs_3, chequers_avenue, uniq_robin
D:3:      layout_basic, lemuel_doored_altar, nicolae_overflow_crystal_walls,
          yredelemnul_altar_generic

Skill      XL: |  1  2  3 |
---------------+----------+-----
Necromancy     | 5 6 |  6.6
Spellcasting   | 4 |  4.8
Dodging        | |  2.5
Stealth        | |  2.8

Action                   |  1- 3 |  4- 6 || total
-------------------------+-------+-------++-------
Melee: Short sword       |    10 |     6 ||    16
 Cast: Pain              |    67 |    62 ||   129
       Animate Skeleton  |     7 |    18 ||    25
  Use: Scroll            |     1 |       ||     1
       Potion            |     3 |     2 ||     5
 Stab: Sleeping          |     1 |       ||     1
  Eat: Chunk             |     3 |     6 ||     9
Armor: Robe              |     9 |     1 ||    10
       Skin              |       |    10 ||    10
Dodge: Dodged            |    16 |    11 ||    27

Table legend:
 A = Non-vault XP
 B = Vault XP
 C = Vault XP percentage of total XP
 D = Non-vault monster count
 E = Vault monster count
 F = Vault count percentage of total count
                 A         B        C        D         E       F
            +---------+---------+-------+---------+---------+-------
      Total |     169 |      46 |  21.4 |      65 |      12 |  15.6
            +---------+---------+-------+---------+---------+-------
        D:1 |      48 |       0 |   0.0 |      27 |       0 |   0.0
        D:2 |      41 |      46 |  52.9 |      13 |      12 |  48.0
        D:3 |      80 |       0 |   0.0 |      25 |       0 |   0.0
            +---------+---------+-------+---------+---------+-------
